 Dungeon Crawl Stone Soup version 0.23.1 (webtiles) character file.

Game seed: 8342550096141699765

77 Borgoz the Skirmisher (level 4, 0/39 HPs)
             Began as a Ghoul Monk on Mar 16, 2019.
             Slain by Natasha (2 damage)
             ... on level 3 of the Dungeon.
             The game lasted 00:03:53 (2326 turns).

Borgoz the Skirmisher (Ghoul Monk)                  Turns: 2326, Time: 00:03:53

Health: 0/39       AC:  7    Str: 14    XL:     4   Next: 34%
Magic:  3/3        EV: 17    Int:  5    God:
Gold:   104        SH:  0    Dex: 17    Spells: 3/3 levels left

rFire    + . .     SeeInvis +   a - +0 short sword
rCold    + + .     Gourm    .   (no shield)
rNeg     + + +     Faith    .   i - +0 ring mail
rPois    ∞         Spirit   .   (no helmet)
rElec    +         Reflect  .   b - +0 cloak
rCorr    +         Harm     .   (no gloves)
MR       .....                  n - +0 pair of boots
Stlth    +++.......             (no amulet)
HPRegen  0.00/turn              d - ring of see invisible
MPRegen  0.08/turn              (no ring)

@: agile, resistant, very slightly contaminated, rotting, invisible
A: rotting body, claws 1, carnivore, cold resistance 1, negative energy
resistance 3, inhibited regeneration, torment resistance, unbreathing
a: no special abilities


You were on level 3 of the Dungeon.
You were not hungry.

You visited 1 branch of the dungeon, and saw 3 of its levels.

You collected 104 gold pieces.

Inventory:

Hand Weapons
 a - a +0 short sword (weapon)
Armour
 b - a +0 cloak (worn)
 i - a +0 ring mail (worn)
 n - a +0 pair of boots (worn)
Jewellery
 d - a ring of see invisible (left claw)
Scrolls
 e - a scroll of noise {unknown}
 f - a scroll of blinking {unknown}
 l - a scroll of fear {unknown}
 m - 2 scrolls of identify {unknown}
 o - 2 scrolls of remove curse {unknown}
 q - a scroll of fog {unknown}
Potions
 g - 2 potions of agility
 h - 2 potions of curing
 k - 2 potions of lignification
 p - a potion of resistance
Comestibles
 c - 2 rations
 r - 3 chunks of flesh


   Skills:
 + Level 3.6 Fighting
 * Level 3.2 Short Blades
 * Level 1.3 Armour
 * Level 3.3 Dodging
 + Level 2.6 Stealth


You had 3 spell levels left.
You didn't know any spells.
Your spell library was empty.

Dungeon Overview and Level Annotations

Branches:
Dungeon (3/15)

Altars:
Dithmenos
Kikubaaqudgha
Uskayaw
Yredelemnul

Annotations:
D:3 Natasha


Innate Abilities, Weirdness & Mutations

Your body is rotting away.
You thrive on raw meat.
You are immune to poison.
You have sharp fingernails.
You are carnivorous and can eat meat at any time.
Your flesh is cold resistant. (rC+)
You are immune to negative energy. (rN+++)
You do not regenerate when monsters are visible.
You are immune to unholy pain and torment.
You can survive without breathing.


Message History

You barely miss Natasha.
Natasha is lightly wounded.
Natasha barely misses you.
You hit Natasha but do no damage.
Natasha is lightly wounded.
Natasha misses you.
You completely miss Natasha.
Natasha is lightly wounded.
The vampire bat bites you but does no damage.
Natasha completely misses you.
You hit Natasha.
Natasha is heavily wounded.
Natasha closely misses you.
You barely miss Natasha.
Natasha is heavily wounded.
The vampire bat barely misses you. Natasha claws you but does no damage.
You completely miss Natasha.
Natasha is heavily wounded.
The vampire bat closely misses you. Natasha claws you.
You die...

..# ######.#.#.##
.####...#.⌠.#.⌠.##
.###.#.#.#$#.#.#.##
###.⌠.#$⌠.#.⌠.#...#
#.'..#.#.#.#.#.⌠.⌠#
..'.#.⌠.#.⌠.#..._.#
..'..#.#.#.#.#.⌠.⌠#
.##.⌠.#.⌠.#.⌠.#b..#
)###.#.#.#.#.#.#@##
..###...#.⌠.#.⌠h##
### ######.#.#.##
#######


You could see Natasha and a vampire bat.

Vanquished Creatures
  2 adders (D:2)
  An ooze (D:3)
  2 worms (D:2)
  3 leopard geckos (D:1)
  An orc (D:3)
  A ball python (D:2)
  2 bat skeletons (D:3)
  3 bat zombies (D:3)
  2 giant cockroaches (D:1)
  5 goblins
  4 hobgoblins
  8 kobolds
  A bat (D:2)
  3 frilled lizards
  7 rats
45 creatures vanquished.

Notes
Turn   | Place    | Note
-------+----------+-------------------------------------------
     0 | D:1      | Borgoz the Ghoul Monk began the quest for the Orb.
     0 | D:1      | Reached XP level 1. HP: 19/19 MP: 0/0
   105 | D:1      | Reached XP level 2. HP: 23/25 MP: 1/1
   712 | D:1      | Reached skill level 1 in Armour
   712 | D:1      | Reached XP level 3. HP: 14/30 MP: 2/2
  1264 | D:2      | Noticed a +0 dagger
  1264 | D:2      | Noticed a +0 hand axe
  1267 | D:2      | Found a hide-covered altar of Uskayaw.
  1334 | D:2      | Found a basalt altar of Yredelemnul.
  1495 | D:2      | Found a shadowy altar of Dithmenos.
  1779 | D:2      | Reached XP level 4. HP: 38/38 MP: 3/3
  2292 | D:3      | Noticed Natasha
  2293 | D:3      | Found an ancient bone altar of Kikubaaqudgha.
  2326 | D:3      | Slain by Natasha

Skill      XL: |  1  2 |
---------------+-------+-----
Short Blades   | 3 |  3.2
Dodging        | 3 |  3.3
Armour         | 1 |  1.3
Fighting       | |  3.6
Stealth        | |  2.6

Action                   |  1- 3 |  4- 6 || total
-------------------------+-------+-------++-------
Melee: Short sword       |   142 |    61 ||   203
  Use: Potion            |       |     5 ||     5
 Stab: Sleeping          |       |     1 ||     1
  Eat: Chunk             |    12 |     3 ||    15
Armor: Robe              |     6 |       ||     6
       Ring mail         |    19 |    54 ||    73
Dodge: Dodged            |    73 |    74 ||   147
